 Dungeon Crawl Stone Soup version 0.27.0-1-g7a089689b8 (webtiles) character file.

Game seed: 9609648678901583670

25 bande the Covered (level 3, -21/23 HPs)
             Began as a Gargoyle Fighter on Aug 2, 2021.
             Demolished by an ogre (22 damage)
             ... on level 2 of the Dungeon.
             The game lasted 00:03:05 (1360 turns).

bande the Covered (Gargoyle Fighter)                Turns: 1360, Time: 00:03:06

Health: -21/23     AC: 12    Str: 19    XL:     3   Next: 4%
Magic:  3/3        EV:  5    Int:  8    God:
Gold:   55         SH:  9    Dex: 10    Spells: 2/2 levels left

rFire    . . .     SeeInvis .   a - +0 war axe
rCold    . . .     Faith    .   c - +0 kite shield
rNeg     + . .     Spirit   .   e - +0 chain mail
rPois    ∞         Reflect  .   (no helmet)
rElec    +         Harm     .   (no cloak)
rCorr    .         Rampage  .   (no gloves)
Will     .....                  (no boots)
Stlth    ..........             (no amulet)
HPRegen  0.07/turn              (no ring)
MPRegen  0.08/turn              (no ring)

@: no status effects
A: sickness immunity, AC +3, negative energy resistance 1, electricity
resistance, torment resistance 1, petrification resistance
a: no special abilities


You were on level 2 of the Dungeon.
You visited 1 branch of the dungeon, and saw 2 of its levels.

You collected 55 gold pieces.

Inventory:

Hand Weapons
 a - a +0 war axe (weapon)
Armour
 c - a +0 kite shield (worn)
 e - a +0 chain mail (worn)
Jewellery
 f - a ring of magical power
Scrolls
 b - a scroll of teleportation {unknown}
 i - 2 scrolls of vulnerability {unknown}
 j - a scroll of identify {unknown}
Potions
 d - 2 potions of might
 h - a potion of resistance {unknown}


   Skills:
 + Level 3.6 Fighting
 + Level 2.1 Axes
 + Level 3.6 Armour
 - Level 0.1 Stealth
 + Level 3.6 Shields


You had 2 spell levels left.
You didn't know any spells.
Your spell library was empty.

Dungeon Overview and Level Annotations

Branches:
Dungeon (2/15)

Altars:

Shops:
D:1 (:([!


Innate Abilities, Weirdness & Mutations

You are immune to sickness and miasma.
Your stone body is resilient. (AC +3)
You are immune to poison.
You resist negative energy. (rN+)
You are resistant to electric shocks. (rElec)
You are resistant to unholy torment.
You are immune to petrification.


Message History

j - a scroll labelled YWEERAS VEUCE You now have 55 gold pieces (gained 11).
You see here 18 stones.
You see here an adder corpse.
Found a ring mail.
You see here a +0 ring mail.
A bat comes into view.
The bat moves out of view.
No target in view!
An ogre comes into view. It is wielding a +0 giant spiked club.
The ogre shouts!
The bat hits you but does no damage.
You slash the bat!
You kill the bat!
You see here a bat corpse.
You slash the ogre!
The ogre is moderately wounded.
You block the ogre's attack.
The ogre hits you with a +0 giant spiked club.
You slash the ogre!
The ogre is severely wounded.
The ogre barely misses you.
You hit the ogre.
The ogre is severely wounded.
The ogre hits you with a +0 giant spiked club!!
Ouch! That really hurt!
* * * LOW HITPOINT WARNING * * *
You are too injured to fight recklessly!
You are too injured to fight recklessly!
You are too injured to fight recklessly!
You are too injured to fight recklessly!
You are too injured to fight recklessly!
You are too injured to fight recklessly!
You are too injured to fight recklessly!
You are too injured to fight recklessly!
Unknown command.
It was a potion of magic.
Magic courses through your body.
The ogre hits you with a +0 giant spiked club!!
Ouch! That really hurt!
You die...

##........##.##
#.##..#..######..#..#
#....##.##....##.##.#
#....#.[#..)...#..#.#
#....#..#..##(.#..#.#
#....#..#..##†....#.#
#....#..#..(......#..
#...O##.##...)#†.##..
#...@.#..######..#..#
####+†##........##.##
#......(...###....
##.......###...#.#
#..#........###.#
##.######.### #.# #..
#.# #.# ... #.# #.#
.... #.# #.#


You could see an ogre.

Vanquished Creatures
  An adder (D:2)
  2 endoplasms
  A giant cockroach (D:2)
  A goblin (D:1)
  A quokka (D:2)
  3 bats
  2 frilled lizards
  2 kobolds
  5 rats
  A bush (D:1)
19 creatures vanquished.

Vanquished Creatures (others)
  6 plants (D:1)
6 creatures vanquished.

Grand Total: 25 creatures vanquished

Notes
Turn   | Place    | Note
-------+----------+-------------------------------------------
     0 | D:1      | bande the Gargoyle Fighter began the quest for the Orb.
     0 | D:1      | Reached XP level 1. HP: 14/14 MP: 1/1
    26 | D:1      | Found Pudosu's Distillery.
   119 | D:1      | Found Loufofoh's Armour Shoppe.
   459 | D:1      | Found Edapn's Antique Weapon Boutique.
   489 | D:1      | Found Gieck's Weapon Boutique.
   516 | D:1      | Reached XP level 2. HP: 19/19 MP: 2/2
   548 | D:1      | Found Dadon's Book Boutique.
  1291 | D:2      | Reached XP level 3. HP: 21/23 MP: 3/3
  1353 | D:2      | Noticed an ogre
  1359 | D:2      | HP: 1/23 [ogre (18)]
  1360 | D:2      | Demolished by an ogre

Illustrated notes

Levels and vault maps discovered:
D:1:      onia_arrival_pentagram, layout_basic, serial_shops,
          nicolae_shop_window_shopping, nicolae_shop_behind_doors,
          nicolae_shop_temple_entry_statues_fountains, shop_fountains,
          nicolae_lakefront_shop, serial_forest, infiniplex_forest_clump_long,
          infiniplex_forest_lined_corner, infiniplex_forest_clump_curved,
          infiniplex_forest_split, infiniplex_forest_end_3,
          serial_bayou_crossing
D:2:      layout_basic, serial_shops, shop,
          dreamdust_ecumenical_altar_angels_and_demons,
          minmay_randomly_rotated_circles, uniq_sigmund

Skill      XL: |  1  2 |
---------------+-------+-----
Axes           | 2 |  2.1
Fighting       | |  3.6
Armour         | |  3.6
Stealth        | |  0.1
Shields        | |  3.6

Action                   || total
-------------------------++-------
Melee: War axe           ||   131
  Use: Scroll            ||     1
       Potion            ||     1
Armor: Chain mail        ||    45
Dodge: Dodged            ||    15
Block: Kite shield       ||    35
